 Dungeon Crawl Stone Soup version 0.27.1-33-g824d729ab1 (webtiles) character file.

Game seed: 5163507243375561864

30 MisterFreud the Scratcher (level 3, 0/17 HPs)
             Began as a Felid Berserker on Dec 30, 2021.
             Was a Believer of Trog.
             Slain by an adder (1 damage)
             ... on level 2 of the Dungeon.
             The game lasted 00:01:14 (962 turns).

MisterFreud the Scratcher (Felid Berserker)          Turns: 962, Time: 00:01:14

Health: 0/17       AC:  1    Str: 13    XL:     3   Next: 3%
Magic:  4/4        EV: 18    Int:  8    God:    Trog [**....]
Gold:   36         SH:  0    Dex: 16    Spells: 2/2 levels left
                                        Lives:  0   Deaths: 1

rFire    . . .     SeeInvis +     - Unarmed
rCold    . . .     Faith    .   (shield unavailable)
rNeg     . . .     Spirit   .   (armour unavailable)
rPois    .         Reflect  .   (helmet unavailable)
rElec    .         Harm     .   (cloak unavailable)
rCorr    .         Rampage  .   (gloves unavailable)
Will     .....                  (boots unavailable)
Stlth    +++.......             (no amulet)
HPRegen  0.05/turn              (no ring)
MPRegen  0.09/turn              (no ring)

@: lethally poisoned (0 -> -6), quick
A: very small, claws 1, fangs 3, see invisible, speed 1, shaggy fur 1, stealthy
paws, no weapons or thrown items, no armour, multi-lived
a: Renounce Religion, Berserk, Trog's Hand


You were on level 2 of the Dungeon.
You worshipped Trog.
Trog was pleased with you.
You visited 1 branch of the dungeon, and saw 2 of its levels.

You collected 36 gold pieces.

Inventory:

Scrolls
 a - 4 scrolls of identify {unknown}
 b - 2 scrolls of teleportation {unknown}
 d - a scroll of enchant armour {unknown}
 e - a scroll of fear {unknown}
Potions
 c - a potion of heal wounds {unknown}


   Skills:
 - Level 3.0 Fighting
 - Level 4.0 Dodging
 + Level 3.7 Stealth
 + Level 4.1 Unarmed Combat


You had 2 spell levels left.
You didn't know any spells.
Your spell library was empty.

Dungeon Overview and Level Annotations

Branches:
Dungeon (2/15)

Altars:


Innate Abilities, Weirdness & Mutations

You have sharp claws.
You have razor-sharp teeth.
You have supernaturally acute eyesight. (SInv)
You cover ground quickly. (Speed+)
You are covered in fur. (AC +1)
Your paws help you pounce on unaware monsters.
You are incapable of wielding weapons or throwing items.
You cannot wear armour.
You gain extra lives every three experience levels.


Message History

The adder is heavily wounded.
The adder bites you.
The giant cockroach bites you but does no damage.
You barely miss the adder. Your bite misses the adder.
The adder is heavily wounded.
The adder bites you.
You are poisoned.
The adder poisons you! The giant cockroach closely misses you.
The adder bites you.
You closely miss the adder.
The adder is heavily wounded.
You feel sick. The giant cockroach bites you. The adder completely misses you.
The giant cockroach completely misses you.
You closely miss the adder.
The adder is heavily wounded.
You feel sick. The adder misses you. The giant cockroach misses you.
You closely miss the adder.
The adder is heavily wounded.
You feel sick. The adder misses you. The giant cockroach barely misses you.
Unknown command.
You scratch the adder.
The adder is almost dead.
You feel sick. The adder misses you. The giant cockroach closely misses you.
The adder closely misses you.
Unknown command.
You miss the adder.
The adder is almost dead.
You feel sick.
You are no longer poisoned.
The giant cockroach bites you. The adder bites you.
* * * LOW HITPOINT WARNING * * *
You are lethally poisoned!
The adder poisons you!
You are too injured to fight recklessly!
You are too injured to fight recklessly!
Unknown command.
Unknown command.
* * * LOW HITPOINT WARNING * * *
You feel sick. The giant cockroach misses you. The adder bites you.
You die...

#....... #......
###..... .# # ......
.# #.# #... .#
+...####b## .#
#.........# .#
#.......#.# ### .#
#.....B@#.######....
.#####
#....$S.#>.......#
......
........##.......#
#.....
........##.......#
...
##########.....[.# .
#.......# ##........
#..##..... ##.#
.....


You could see an adder, a giant cockroach and a bat.

Vanquished Creatures
  3 gnolls (D:2)
  An adder (D:2)
  2 ball pythons (D:1)
  2 bats (D:1)
  4 endoplasms (D:1)
  A giant cockroach (D:1)
  2 goblins
  4 hobgoblins
  4 jackals (D:1)
  2 kobolds (D:1)
  2 quokkas (D:1)
  A frilled lizard (D:2)
  A rat (D:1)
29 creatures vanquished.

Notes
Turn   | Place    | Note
-------+----------+-------------------------------------------
     0 | D:1      | MisterFreud the Felid Berserker began the quest for the
                  | Orb.
     0 | D:1      | Reached XP level 1. HP: 10/10 MP: 2/2
    70 | D:1      | Reached skill level 1 in Stealth
   127 | D:1      | Reached XP level 2. HP: 13/14 MP: 3/3
   924 | D:2      | Reached XP level 3. HP: 10/17 MP: 4/4
   944 | D:2      | Reached ** piety under Trog
   945 | D:2      | Reached XP level 4. HP: 4/21 MP: 5/5
   945 | D:2      | Slain by an adder
   946 | D:2      | Reached XP level 3. HP: 0/17 MP: 4/4
   962 | D:2      | Slain by an adder

Illustrated notes

Levels and vault maps discovered:
D:1:      moated_graveyard_arrival, layout_rooms
D:2:      layout_basic, hellmonk_ecumenical_altar_inner_sanctum

Skill      XL: |  1  2  3 |
---------------+----------+-----
Stealth        | 1 2 3 |  3.7
Unarmed Combat | 4 |  4.1
Fighting       | |  3.0
Dodging        | |  4.0

Action                   |  1- 3 |  4- 6 || total
-------------------------+-------+-------++-------
Melee: Unarmed           |    80 |       ||    80
       Bite              |     5 |       ||     5
Invok: Berserk           |     2 |       ||     2
 Stab: Sleeping          |     2 |       ||     2
Armor: Skin              |     5 |       ||     5
Dodge: Dodged            |    62 |       ||    62
